 Dungeon Crawl Stone Soup version 0.31.0-1-g2c135a0 (webtiles) character file.

Game seed: 13609521751439959112

167469 selexin the Peltast (level 17, -5/125 (162) HPs)
             Began as a Hill Orc Fighter on Feb 12, 2024.
             Was the Champion of Zin.
             Killed from afar by an air elemental (7 damage)
             ... with a stunning burst
             ... on level 2 of the Orcish Mines on Feb 13, 2024.
             The game lasted 02:55:47 (33379 turns).

selexin the Peltast (Hill Orc Fighter)             Turns: 33379, Time: 02:55:47

HP:   -5/125 (162)  AC: 35    Str: 33    XL:     17   Next: 62%
MP:   26/26         EV:  9    Int: 16    God:    Zin [******]
Gold: 2078          SH: 26    Dex:  5    Spells: 10/16 levels left

rFire   . . .        r - +6 morningstar of Rahiviun {freeze, rPois rCorr Int+5 Stlth+}
rCold   . . .        O - +3 tower shield
rNeg    . . .        l - +18 Lear's hauberk
rPois   +            (helmet currently unavailable)
rElec   .            j - +2 cloak "Ikyposy" {Int+3 Dex-5 SInv}
rCorr   +            (gloves currently unavailable)
SInv    +            (boots currently unavailable)
Will    +++..        N - amulet of reflection Stlth
                     C - ring "Vof Udasu" {Will++ MP+9}
HPRegen 0.40/turn    e - +6 ring of strength
MPRegen 0.20/turn

%: reflection
@: on berserk cooldown, on recite cooldown, slowed, heavily drained, invisible,
very slow
A: no striking features
}: 1/15 runes: decaying
a: Renounce Religion, Recite, Vitalisation, Imprison, Sanctuary, Donate Gold


You were on level 2 of the Orcish Mines.
You worshipped Zin.
Zin was exalted by your worship.
You visited 6 branches of the dungeon, and saw 28 of its levels.
You also visited: Ossuary.

You collected 3660 gold pieces.
You spent 790 gold pieces at shops.
You donated 792 gold pieces to Zin.

Inventory:

Hand Weapons
 q - the +1 lajatang "Boddofif" {flame, ^Contam rF+ Int+3 Dex+3}
   (You found it on level 2 of the Swamp)

   Int+3:     It affects your intelligence (+3).
   Dex+3:     It affects your dexterity (+3).
   rF+:       It protects you from fire.
   ^Contam:   It causes magical contamination when unequipped.
 r - the +6 morningstar of Rahiviun (weapon) {freeze, rPois rCorr Int+5 Stlth+}
   (You acquired it in an ossuary)

   Int+5:     It affects your intelligence (+5).
   rPois:     It protects you from poison rCorr: It protects you from acid and
   corrosion.
   Stlth+:    It makes you more stealthy.
 J - a +4 heavy war axe
 Q - a +2 orcbow of flaming
Armour
 j - the +2 cloak "Ikyposy" (worn) {Int+3 Dex-5 SInv}
   (You acquired it on level 8 of the Dungeon)

   Int+3:     It affects your intelligence (+3).
   Dex-5:     It affects your dexterity (-5).
   SInv:      It lets you see invisible.
 l - the +18 Lear's hauberk (worn)
   (You found it on level 5 of the Dungeon)
 I - a +2 scale mail of fire resistance
 O - a +3 tower shield (worn)
 R - a +2 plate armour of positive energy
 V - the +0 ring mail of Distant Shores {Str+7 Dex-3}
   (You found it on level 13 of the Dungeon)

   Str+7:     It affects your strength (+7).
   Dex-3:     It affects your dexterity (-3).
Magical Staves
 H - the staff "Qesalydo" {*Corrode +Blink rF+ rN+ Str+3 Fire}
   (You found it on level 2 of the Lair of Beasts)

   [staff of fire]

   Base accuracy: +5 Base damage: 5 Base attack delay: 1.2 This weapon's minimum
   attack delay (0.6) is reached at skill level 12.
   Str+3:     It affects your strength (+3).
   rF+:       It protects you from fire.
   rN+:       It protects you from negative energy.
   +Blink:    It lets you blink.
   *Corrode:  It may corrode you when you take damage.
   Fire:      It increases the power of your Fire spells.
   It falls into the 'Staves' category.
   It is a one-handed weapon.
Jewellery
 c - a ring of positive energy
 e - a +6 ring of strength (right hand)
 g - a ring of fire
 h - a ring of ice
 s - an amulet of the acrobat
 C - the ring "Vof Udasu" (left hand) {Will++ MP+9}
   (You found it on level 11 of the Dungeon)

   [ring of magical power]

   Will++:    It greatly increases your willpower.
   MP+9:      It affects your magic capacity (+9).
 E - a ring of willpower
 N - an amulet of reflection (around neck)
Wands
 d - a wand of iceblast (4)
 k - a wand of flame (90)
 o - a wand of mindburst (34)
 z - a wand of light (38) (quivered)
 G - a wand of digging (5)
 S - a wand of paralysis (6)
Scrolls
 a - 3 scrolls of amnesia
 f - a scroll of vulnerability
 m - 6 scrolls of revelation
 v - 5 scrolls of teleportation
 y - 2 scrolls of poison
 A - a scroll of fog
 M - 3 scrolls of butterflies
Potions
 p - 5 potions of cancellation
 t - 4 potions of magic
 u - 2 potions of mutation
 w - a potion of attraction
 x - 3 potions of enlightenment
 B - a potion of resistance
 D - a potion of haste
 L - a potion of invisibility
Miscellaneous
 b - a lightning rod (4/4)
 F - a condenser vane


   Skills:
 - Level 17.5 Fighting
 - Level 3.2(12.9) Axes
 - Level 16.3(16.4) Maces & Flails
 - Level 15.8 Armour
 - Level 18.4 Shields
 * Level 5.3 Translocations
 - Level 4.0 Evocations
 - Level 4.1 Shapeshifting


You had 10 spell levels left.
You knew the following spells:

 Your Spells              Type           Power      Damage    Failure   Level
a - Blink                 Tloc           34%        N/A       17%         2
b - Iskenderun's Mystic   Conj/Tloc      8%         2d4       98%         4

Your spell library contained the following spells:

 Spells                   Type           Power      Damage    Failure   Level
 Lesser Beckoning         Tloc           34%        N/A       17%         2
 Momentum Strike          Conj/Tloc      16%        3d8       47%         2
 Freeze                   Ice            0%         1d3       71%         1
 Slow                     Hex            0%         N/A       71%         1
 Jinxbite                 Hex            0%         N/A       83%         2
 Scorch                   Fire           0%         2d5       83%         2
 Call Canine Familiar     Summ           0%         N/A       97%         3
 Confusing Touch          Hex            0%         N/A       97%         3
 Frozen Ramparts          Ice            0%         1d1       97%         3
 Hailstorm                Conj/Ice       0%         3d5       97%         3
 Inner Flame              Hex/Fire       0%         N/A       97%         3
 Passwall                 Erth           0%         N/A       97%         3
 Sigil of Binding         Hex            0%         N/A       97%         3
 Tukima's Dance           Hex            0%         N/A       97%         3
 Vampiric Draining        Necr           0%         2d6       97%         3
 Dimensional Bullseye     Hex/Tloc       4%         N/A       98%         4
 Ignite Poison            Fire/Alch      0%         N/A       100%        4
 Sticky Flame             Fire/Alch      0%         2d4       100%        4
 Irradiate                Conj/Alch      0%         3d11      100%        5
 Yara's Violent Unravell  Hex/Alch       0%         3d3       100%        5
 Enfeeble                 Hex            0%         N/A       100%        7
 Ignition                 Fire           0%         3d3       100%        8


Dungeon Overview and Level Annotations

Branches:
Dungeon (15/15)            Temple (1/1) D:5            Lair (5/5) D:11
  Swamp (4/4) Lair:3       Spider (0/4) Lair:2        Slime (0/5) Lair:5
    Orc (2/2) D:12            Elf (1/3) Orc:2        Vaults (0/5) D:14
 Depths (0/4) D:15        Ossuary (visited)

Altars:
Ashenzari
Cheibriados
Dithmenos
Elyvilon
Fedhas
Gozag
Hepliaklqana
Kikubaaqudgha
Makhleb
Nemelex Xobeh
Okawaru
Qazlal
Ru
Sif Muna
Trog
Uskayaw
Vehumet
Wu Jian
Xom
Yredelemnul
Zin
The Shining One
Beogh
Jiyva

Shops:
D:9 *   D:10 :   D:12 =   Orc:1 :   Orc:2 !::


Message History

Press: ? - help, Dir - look around, f - activate You clear your throat and prepare to recite. "And Zin said to all in attendance, 'Which of ye..."
The deep elf zephyrmancer is dazed by your recitation.
You block the air elemental's attack.
The air elemental fires a burst of electricity at you.
The stunning burst hits you but does no damage.
You suddenly lose the ability to move!
The air elemental hits you but does no damage.
The deep elf zephyrmancer is lost in a daze.
The deep elf death mage hits you but does no damage.
The air elemental hits you but does no damage.
The ghostly deep elf death mage hits you but does no damage.
The deep elf zephyrmancer mumbles some strange words.
The deep elf zephyrmancer blinks!
The deep elf death mage hits you but does no damage.
You can move again.
You feel better. "...I may strike down you now for your sacrilege!'" You finish reciting Anathema 9:65.
You block the air elemental's attack. x2
The air elemental fires a burst of electricity at you.
The stunning burst hits you but does no damage.
You shrug off the repeated paralysis!
You block the ghostly deep elf death mage's attack.
The deep elf zephyrmancer is lost in a daze.
The deep elf death mage casts a spell at you.
The bolt of negative energy hits you.
You feel drained.
* * * LOW HITPOINT WARNING * * *
The air elemental fires a burst of electricity at you.
The stunning burst hits you!
You shrug off the repeated paralysis!
* * * LOW HITPOINT WARNING * * *
The ghostly deep elf death mage gestures at you while chanting.
The bolt of negative energy hits you!!
You feel drained.
* * * LOW HITPOINT WARNING * * *
You are too injured to fight recklessly!
You fade into invisibility!
The air elemental fires a burst of electricity at you.
The stunning burst hits you!
You shrug off the repeated paralysis!
You die...

#....#...#................
##........#.......#..#.... ####
####........#..............
##.####.###........#.............
....##...#.....#...............).
##.###...#.......................
#####............................
..####.#.......#.#...............
...####....#...)@E#............#.
#..#.....##e....ee..............#
#.........#......................
##.#..##.#.......................
#.#....#.........................
...#.............................
..##...#.........................
.....................^........#.#
.......#......................#.#


You could see a deep elf death mage, a ghostly deep elf death mage, a deep elf
zephyrmancer (unable to see you, dazed) and an air elemental.

Vanquished Creatures
  Rupert (D:14)
  A thorn hunter (Swamp:4)
  Frances (Swamp:2)
  An azure jelly (Lair:5)
  A stone giant (D:15)
  2 orc warlords (Orc:1)
  A deep elf death mage (Elf:1)
  3 bunyips
  4 eleionomae
  A deep elf annihilator (Elf:1)
  The ghost of TobyRickard the Executioner, a journeyman HOFi of Beogh (D:13)
  A shambling mangrove (Swamp:4)
  3 slime creatures
  15 alligators
  2 ogre magi (Orc:2)
  23 hydras
  2 catoblepae
  5 centaur warriors
  Erica (Lair:2)
  A ghost crab (Swamp:4)
  A boulder beetle (D:13)
  A death knight (D:14)
  13 two-headed ogres
  2 tengu warriors (D:14)
  9 death yaks
  A spriggan berserker (Swamp:4)
  Urug (D:14)
  A deep elf knight (Elf:1)
  Sonja (Lair:3)
  Nergalle (Orc:1)
  2 skysharks
  4 skeletal warriors
  2 deep trolls (Orc:2)
  7 goliath frogs
  6 spriggan druids
  11 swamp dragons
  A bog body (Swamp:2)
  Pikel (D:8)
  6 deep elf zephyrmancers (Elf:1)
  2 lindwurms (Swamp:4)
  A deep elf archer (Elf:1)
  2 orc knights (Orc:1)
  A wolf spider (D:15)
  5 deep elf pyromancers
  An orc sorcerer (Orc:2)
  5 cyclopes
  11 ugly things
  3 will-o-the-wisps
  4 manticores
  A meliai (shapeshifter) (D:13)
  2 kobold blastminers
  10 elephants
  2 black mambas (shapeshifter)
  7 black mambas
  2 meliai
  Joseph (D:8)
  11 cane toads
  A cane toad (shapeshifter) (D:15)
  A gargoyle (D:12)
  2 torpor snails
  2 rime drakes (Lair:2)
  2 unseen horrors (D:11)
  5 kobold demonologists (D:13)
  12 komodo dragons
  A freezing wraith (D:14)
  A tengu conjurer (D:14)
  13 trolls
  7 hornets
  7 tyrant leeches
  A tarantella (shapeshifter) (D:13)
  8 blink frogs
  2 water elementals
  2 vampires (D:13)
  4 spriggans
  2 shadows
  4 wraiths
  5 wyverns
  16 humans (D:14)
  28 yaks
  5 basilisks
  6 wargs
  6 steam dragons
  A redback simulacrum (D:14)
  Menkaure (D:7)
  22 vampire mosquitoes
  5 acid dragons
  13 swamp worms
  16 water moccasins
  35 orc warriors
  6 swamp drakes
  2 sky beasts (D:6)
  An ice beast (D:7)
  2 laughing skulls (D:13)
  27 ogres
  11 wolves
  7 centaurs
  2 lemures (D:8)
  A phantom (D:5)
  7 kobold brigands (D:13)
  4 elf zombies (Ossuary)
  2 scorpions
  19 bullfrogs
  8 wights
  14 killer bees
  4 howler monkeys
  5 electric eels
  A crimson imp (D:8)
  A lava snake (D:12)
  2 bullfrog zombies (D:5)
  5 centaur zombies (Ossuary)
  2 jellies
  2 bombardier beetles
  8 hounds
  A human zombie (Ossuary)
  12 orc priests
  2 sleepcaps (D:4)
  3 gnoll boudas
  2 scorpion zombies (D:5)
  4 iguanas
  26 orc wizards
  A crocodile zombie (Ossuary)
  A hound zombie (D:5)
  3 mummies (Ossuary)
  A howler monkey zombie (D:5)
  24 gnolls
  8 adders
  2 white imps
  An ufetubus (D:5)
  2 ribbon worms (D:4)
  2 dart slugs
  76 orcs
  5 bats
  4 endoplasms
  3 giant cockroaches
  8 goblins
  11 hobgoblins
  10 jackals
  2 kobolds
  7 quokkas
  10 ball pythons
  A frilled lizard (D:1)
  4 rats
827 creatures vanquished.

Vanquished Creatures (others)
  A bunyip (Swamp:2)
  A lindwurm (Swamp:4)
  2 bloated husks
  2 jackals (D:5)
  10 foxfires
16 creatures vanquished.

Grand Total: 843 creatures vanquished

Notes
Turn   | Place    | Note
-------+----------+-------------------------------------------
     0 | D:1      | selexin the Hill Orc Fighter began the quest for the Orb.
     0 | D:1      | Reached XP level 1. HP: 19/19 MP: 1/1
   219 | D:1      | Reached XP level 2. HP: 22/27 MP: 2/2
   492 | D:1      | Reached XP level 3. HP: 33/33 MP: 3/3
  1359 | D:3      | Reached skill level 1 in Maces & Flails
  1627 | D:3      | Reached XP level 4. HP: 37/40 MP: 4/4
  1686 | D:3      | Reached skill level 4 in Shields
  1715 | D:3      | Reached XP level 5. HP: 32/47 MP: 5/5
  2482 | D:4      | Reached XP level 6. HP: 8/53 MP: 6/6
  2762 | D:4      | Reached skill level 5 in Shields
  3456 | D:4      | Found a glowing silver altar of Zin.
  3459 | D:4      | Became a worshipper of Zin the Law-Giver
  3459 | D:4      | Reached * piety under Zin
  3551 | D:4      | Reached skill level 5 in Fighting
  3552 | D:4      | Reached skill level 1 in Shapeshifting
  3707 | D:4      | Reached XP level 7. HP: 31/61 MP: 7/7
  3893 | D:4      | Reached ** piety under Zin
  4366 | D:5      | Entered Level 5 of the Dungeon
  4569 | D:5      | Found a staircase to the Ecumenical Temple.
  4584 | D:5      | Reached skill level 5 in Armour
  4584 | D:5      | Reached XP level 8. HP: 60/70 MP: 8/8
  4613 | D:5      | Found the +18 Lear's hauberk
  4617 | Temple   | Entered the Ecumenical Temple
  5041 | D:5      | Found a sand-covered staircase.
  5046 | Ossuary  | Entered an ossuary
  5122 | Ossuary  | Reached skill level 6 in Shields
  5209 | Ossuary  | Reached skill level 5 in Maces & Flails
  5248 | Ossuary  | Identified a scroll of acquirement
  5248 | Ossuary  | Acquired the +6 morningstar of Rahiviun {freeze, rPois
                  | rCorr Int+5 Stlth+}
  5294 | D:5      | Found an opulent altar of Gozag.
  5330 | D:5      | Noticed a hornet
  5346 | D:5      | Reached XP level 9. HP: 74/78 MP: 9/9
  5356 | D:5      | Found a broken altar of Ashenzari.
  5471 | D:5      | Killed a hornet
  5561 | D:5      | Found a basalt altar of Yredelemnul.
  5564 | D:5      | Reached skill level 7 in Shields
  5614 | D:5      | Found a white marble altar of Elyvilon.
  5615 | D:5      | Donated 121 gold pieces to Zin
  5819 | D:6      | Reached *** piety under Zin
  6572 | D:6      | Found a hide-covered altar of Uskayaw.
  6754 | D:7      | Noticed a two-headed ogre
  6760 | D:7      | Killed a two-headed ogre
  6761 | D:7      | Reached XP level 10. HP: 82/88 MP: 10/10
  6967 | D:7      | Noticed Menkaure
  6989 | D:7      | Reached skill level 8 in Shields
  6996 | D:7      | Killed Menkaure
  8049 | D:8      | Reached **** piety under Zin
  8075 | D:8      | Acquired 645 gold pieces
  8076 | D:8      | Acquired the +2 cloak "Ikyposy" {Int+3 Dex-5 SInv}
  8077 | D:8      | Reached ***** piety under Zin
  8181 | D:8      | Noticed Pikel
  8195 | D:8      | Killed Pikel
  8365 | D:8      | Noticed Joseph
  8383 | D:8      | Killed Joseph
  8541 | D:8      | Found a burning altar of Makhleb.
  8547 | D:8      | Found a radiant altar of Vehumet.
  8806 | D:8      | Found a blossoming altar of Fedhas.
  9055 | D:9      | Found Zux Meso's General Store.
  9081 | D:9      | Reached skill level 10 in Maces & Flails
  9087 | D:9      | Reached XP level 11. HP: 73/97 MP: 11/11
  9465 | D:10     | Entered Level 10 of the Dungeon
  9493 | D:10     | Reached skill level 9 in Shields
  9507 | D:10     | Donated 443 gold pieces to Zin
  9578 | D:10     | Found Acuxkibo's Book Shop.
  9938 | D:10     | Found a glowing golden altar of the Shining One.
 10014 | D:10     | Found a hazy altar of Hepliaklqana.
 10018 | D:10     | Found an iron altar of Okawaru.
 10018 | D:10     | Found a sparkling altar of Nemelex Xobeh.
 10031 | D:10     | Found a snail-covered altar of Cheibriados.
 10040 | D:10     | Found a shimmering altar of Xom.
 10322 | D:11     | Noticed a manticore
 10342 | D:11     | Killed a manticore
 10375 | D:11     | Reached skill level 10 in Fighting
 10394 | D:11     | Noticed a two-headed ogre
 10401 | D:11     | Killed a two-headed ogre
 10525 | D:11     | Reached ****** piety under Zin
 10699 | D:11     | Found a staircase to the Lair.
 10845 | D:11     | Identified the ring "Vof Udasu" {Will++ MP+9}
 10940 | Lair:1   | Entered Level 1 of the Lair of Beasts
 10957 | Lair:1   | Noticed a death yak
 10969 | Lair:1   | Killed a death yak
 11285 | Lair:1   | Reached skill level 10 in Shields
 11524 | Lair:1   | Reached XP level 12. HP: 106/108 MP: 12/12
 11859 | Lair:1   | Reached skill level 10 in Armour
 11906 | Lair:1   | Noticed an eight-headed hydra
 11912 | Lair:1   | Killed an eight-headed hydra
 12065 | Lair:1   | Got the Essays on Topography and Combustion
 12477 | Lair:2   | Noticed a skyshark
 12499 | Lair:2   | Killed a skyshark
 12848 | Lair:2   | Noticed Erica
 12861 | Lair:2   | Killed Erica
 13166 | Lair:2   | Noticed a six-headed hydra
 13174 | Lair:2   | Killed a six-headed hydra
 13175 | Lair:2   | Reached skill level 11 in Shields
 13468 | Lair:2   | Found a hole to the Spider Nest.
 13559 | Lair:2   | Reached XP level 13. HP: 117/117 MP: 13/13
 14108 | Lair:2   | Identified the staff "Qesalydo" {*Corrode +Blink rF+ rN+
                  | Str+3 Fire}
 14646 | Lair:3   | You fall into a shaft and drop 2 floors!
 14646 | Lair:5   | Entered Level 5 of the Lair of Beasts
 15111 | Lair:5   | Reached skill level 12 in Shields
 15140 | Lair:5   | Reached skill level 15 in Maces & Flails
 15142 | Lair:5   | Found a runed translucent door.
 15143 | Lair:5   | Found a viscous altar of Jiyva.
 15143 | Lair:5   | Noticed an azure jelly
 15149 | Lair:5   | Found a staircase to the Slime Pits.
 15195 | Lair:5   | Killed an azure jelly
 15539 | Lair:4   | Reached XP level 14. HP: 129/129 MP: 14/14
 16390 | Lair:3   | Noticed Sonja
 16392 | Lair:3   | Killed Sonja
 16754 | Lair:3   | Found a staircase to the Swamp.
 17075 | D:12     | Found Kafrikh's Jewellery Shoppe.
 17082 | D:12     | Bought an amulet of reflection for 450 gold pieces
 17622 | D:12     | Found a staircase to the Orcish Mines.
 18279 | Orc:1    | Entered Level 1 of the Orcish Mines
 18301 | D:12     | Reached skill level 13 in Shields
 18736 | Orc:1    | Noticed an orc warlord
 18746 | Orc:1    | Killed an orc warlord
 18931 | Orc:1    | Found Qajell's Book Shoppe.
 18967 | Orc:1    | Noticed Nergalle
 18991 | Orc:1    | Killed Nergalle
 19239 | Orc:1    | Noticed an orc warlord
 19266 | Orc:1    | Killed an orc warlord
 19587 | Orc:1    | Found a roughly hewn altar of Beogh.
 19789 | Orc:2    | Entered Level 2 of the Orcish Mines
 20024 | Orc:2    | Found a staircase to the Elven Halls.
 20148 | Orc:2    | Found Gegitt's Book Emporium.
 20184 | Orc:2    | Reached skill level 14 in Shields
 20466 | Orc:2    | Reached XP level 15. HP: 90/139 MP: 15/15
 20498 | Orc:2    | Reached skill level 15 in Fighting
 20687 | Orc:2    | Found Ynigh's Book Shoppe.
 20688 | Orc:2    | Found Iluedal's Book Shop.
 20699 | Orc:2    | Found Racuaf's Distillery.
 20710 | Orc:2    | Bought a potion of might for 68 gold pieces
 20710 | Orc:2    | Bought 2 potions of heal wounds for 170 gold pieces
 20710 | Orc:2    | Bought a potion of curing for 51 gold pieces
 20710 | Orc:2    | Bought a potion of curing for 51 gold pieces
 21631 | D:13     | Reached skill level 15 in Shields
 22002 | D:13     | Found a runed translucent gate.
 22002 | D:13     | Found a runed translucent gate.
 22004 | D:13     | Noticed TobyRickard's ghost (journeyman HOFi)
 22004 | D:13     | Found a runed translucent gate.
 22480 | D:13     | Killed TobyRickard's ghost
 22626 | D:13     | Identified the +0 ring mail of Distant Shores {Str+7 Dex-3}
 22713 | D:14     | Noticed Rupert
 22713 | D:14     | Noticed Urug
 22713 | D:14     | Found a gate to the Vaults.
 23202 | D:14     | Reached skill level 16 in Shields
 23324 | D:14     | Killed Urug
 23440 | D:14     | Paralysed by Rupert for 4 turns
 23878 | D:14     | Killed Rupert
 24360 | D:14     | Reached XP level 16. HP: 149/149 MP: 16/16
 24590 | D:15     | Entered Level 15 of the Dungeon
 24808 | D:15     | Found a staircase to the Depths.
 25594 | D:15     | Reached skill level 17 in Shields
 26282 | Swamp:1  | Entered Level 1 of the Swamp
 26356 | Swamp:1  | Reached skill level 15 in Armour
 26642 | Swamp:1  | Identified the +3 morningstar "Ceptem" {protect, MP-9
                  | Str+7}
 27095 | Swamp:2  | Noticed Frances
 27498 | Swamp:2  | Killed Frances
 28118 | Swamp:2  | Identified the +1 lajatang "Boddofif" {flame, ^Contam rF+
                  | Int+3 Dex+3}
 28297 | Swamp:3  | Reached skill level 18 in Shields
 29060 | Swamp:4  | Entered Level 4 of the Swamp
 29086 | Swamp:4  | Reached skill level 1 in Evocations
 29240 | Swamp:4  | Reached XP level 17. HP: 134/161 MP: 17/17
 30116 | Swamp:4  | Got a decaying rune of Zot
 30354 | Swamp:4  | Learned a level 2 spell: Blink
 30361 | Swamp:4  | Learned a level 4 spell: Iskenderun's Mystic Blast
 30469 | Swamp:4  | Reached skill level 1 in Translocations
 32593 | Elf:1    | Entered Level 1 of the Elven Halls
 33365 | Elf:1    | Reached skill level 5 in Translocations
 33372 | Elf:1    | Paralysed by an air elemental for 1 turns
 33374 | Elf:1    | Paralysed by an air elemental for 1 turns
 33377 | Orc:2    | Paralysed by an air elemental for 1 turns
 33378 | Orc:2    | HP: 2/125 [ghostly deep elf death mage/bolt of negative
                  | energy (18)]
 33379 | Orc:2    | Killed from afar by an air elemental

Illustrated notes

Levels and vault maps discovered:
D:1:      dpeg_arrival_rooms_b, layout_basic
D:2:      layout_basic
D:3:      layout_basic
D:4:      layout_cave_pods, zin_statuary, nzn_random_ring
D:5:      minmay_clustersquares, layout_rooms, cheibrodos_ashenzari_chains,
          nicolae_yredelemnul_corpse_copse, kennysheep_mini_moat,
          lemuel_tele_altar, minmay_temple_entry_wispy,
          nicolae_ossuary_entry_ruins
D:6:      layout_loops_ring, lemuel_round_altar, chequers_serial_rivers_marsh
D:7:      layout_basic, uniq_menkaure
D:8:      layout_basic, grunt_temple_overflow_lords_of_destruction,
          fedhas_altar_4, uniq_pikel, uniq_joseph
D:9:      layout_roguey, serial_curves, eino_curves_04, eino_curves_02,
          serial_shops, nicolae_shop_hallway_plus, solitary_fountain
D:10:     layout_basic, overflow_temple_1_default,
          minmay_overflow_temple_star_hex, serial_shops,
          nicolae_shop_getting_attention
D:11:     layout_gridville, erik_lair_orcish_takeover
D:12:     layout_basic, erik_orc_1, serial_curves, eino_curves_02,
          eino_curves_02, eino_curves_03, minmay_shop_enchanted_jewellery
D:13:     minmay_razor_zed, layout_loops_ring, gammafunk_ghost_nasty_kobolds,
          roderic_roman_lattice
D:14:     layout_loops_ring, david_vaults_3, hangedman_decor_growths,
          kennysheep_diamond, hive_lemuel
D:15:     grunt_enter_depths_giant_problem, layout_basic, palyth_stone_intersect
Temple:   hellmonk_temple_beads
Lair:1:   cheibrodos_lair_river_kwai, layout_big_grid, grunt_megastairs_5
Lair:2:   nzn_winding_woodlands_cross [nzn_winding_woodlands_5x15_sidewinder,
          nzn_winding_woodlands_5x15_cabin, nzn_winding_woodlands_5x15_crooked,
          nzn_winding_woodlands_5x15_pockets,
          nzn_winding_woodlands_15x15_thick_spiral], layout_cave_shapes,
          hellmonk_spider_entry_not_the_bees, uniq_erica
Lair:3:   layout_chaotic_city, swamp_mist, uniq_sonja
Lair:4:   beast_lair_carwin_large_1, layout_concentric_octagons,
          serial_bayou_lake_a, infiniplex_staircase_pool_2
Lair:5:   due_jungle_book, layout_loops_ring, slime_entry_2, basic_altar,
          chequers_serial_rivers_small_3, serial_bayou_shore_b
Swamp:1:  layout_basic_swamp, evilmike_swamp_ruin_house_3, swamp_pool_1_2
Swamp:2:  layout_basic_swamp, evilmike_swamp_ruin_rubble_1, swamp_pool_1_2,
          uniq_frances
Swamp:3:  layout_basic_swamp, evilmike_swamp_ruin_house_2, swamp_pool_1_2,
          nzn_swamp_stair_ambush
Swamp:4:  swamp_alternative, layout_basic_swamp
Orc:1:    layout_caves, serial_shops, nicolae_shop_waterfront, basic_altar,
          minmay_orc_treasury, uniq_nergalle
Orc:2:    st_orc_open, layout_caves
Elf:1:    eino_elf_arrival_the_gate, layout_geoelf_octagon,
          portal_ice_cave_entry_ugly_swarm, minmay_elf_crystal_heptagon,
          lemuel_upstairs_altar, minmay_shop_star

Skill      XL: |  1  2  3  4  5  6  7  8  9 10 11 12 13 14 15 16 17 |
---------------+----------------------------------------------------+-----
Axes           | 3 |  3.2
Fighting       | 4 5 6 8 9 10 11 13 14 15 17 | 17.5
Maces & Flails | 1 2 3 4 5 8 10 11 13 15 16 | 16.3
Shields        | 4 5 6 7 8 10 11 12 14 16 18 | 18.4
Armour         | 4 5 7 8 9 10 12 13 14 15 | 15.8
Shapeshifting  | 1 2 4 |  4.1
Evocations     | 1 4 |  4.0
Translocations | 5 |  5.3

Action                     |  1- 3 |  4- 6 |  7- 9 | 10-12 | 13-15 | 16-18 || total
---------------------------+-------+-------+-------+-------+-------+-------++-------
  Melee: War axe           |    51 |       |       |       |    26 |       ||    77
         Mace              |    55 |   138 |       |       |       |       ||   193
         Morningstar       |       |    59 |   348 |   523 |  1159 |   767 ||  2856
   Cast: Blink             |       |       |       |       |       |     1 ||     1
 Invoke: Donate Gold       |       |       |     1 |     1 |       |       ||     2
         Recite            |       |       |     1 |       |     8 |     2 ||    11
         Vitalisation      |       |       |       |     1 |       |       ||     1
         Imprison          |       |       |       |       |     1 |       ||     1
  Evoke: Wand              |       |    10 |       |     2 |    10 |    10 ||    32
         Lightning rod     |       |       |       |       |    13 |       ||    13
    Use: Potion            |       |     4 |     2 |     8 |    11 |    10 ||    35
         Scroll            |       |     6 |    10 |    13 |    10 |    16 ||    55
   Stab: Invisible         |       |       |       |     1 |     1 |       ||     2
         Paralysed         |       |       |       |       |     1 |       ||     1
 Armour: Scale mail        |    53 |       |       |       |       |       ||    53
         Plate armour      |    36 |   256 |    58 |       |       |       ||   350
         Chain mail        |       |       |   301 |   506 |   621 |   622 ||  2050
  Dodge: Dodged            |    46 |    86 |   154 |   275 |   241 |   185 ||   987
  Block: Buckler           |    29 |    71 |    89 |   245 |   111 |       ||   545
         Tower shield      |       |       |       |       |   804 |  1144 ||  1948
         Reflection        |       |       |       |       |    35 |    34 ||    69
